Map: Frozen Temple

Players

llllllllllll

  • Race: Protoss Protoss
  • League: Grandmaster

Miszu - Winner!

  • Race: Terran Terran
  • League: Master

VOD

Have the link to the VOD?

Description

Time

  • Played on: May 2, 2016, 5:35 p.m.
  • Length: 8:54
Show
View Real Time Build Order
Export as new Build Order

llllllllllll Protoss 

Build Orders: 1 Gate Expand, Blink Stalkers 

Get SALT Encoding   

  12  0:00  Probe (Chrono Boost)  
  13  0:11  Probe (Chrono Boost)  
  14  0:17  Pylon  
  14  0:22  Probe (Chrono Boost)  
  16  0:35  Probe (Chrono Boost)  
  16  0:36  Gateway  
  16  0:46  Probe (Chrono Boost)  
  16  0:47  Assimilator  
  17  0:56  Probe (Chrono Boost)  
  18  1:07  Probe (Chrono Boost)  
  19  1:18  Nexus  
  19  1:27  Cybernetics Core  
  19  1:30  Probe (Chrono Boost)  
  20  1:35  Assimilator  
  20  1:40  Probe (Chrono Boost)  
  20  1:45  Pylon  
  21  1:51  Probe (Chrono Boost)  
  22  2:04  Mothership Core (Chrono Boost)  
  22  2:05  Adept  
  26  2:12  Warp Gate  
  27  2:22  Probe (Chrono Boost)  
  27  2:32  Probe (Chrono Boost)  
  27  2:33  Probe (Chrono Boost)  
  29  2:39  Twilight Council  
  29  2:42  Probe (Chrono Boost)  
  30  2:44  Probe (Chrono Boost)  
  30  2:46  Stalker  
  33  2:53  Probe (Chrono Boost)  
  33  2:55  Probe (Chrono Boost)  
  35  3:03  Probe (Chrono Boost)  
  35  3:06  Pylon  
  35  3:08  Probe (Chrono Boost)  
  36  3:14  Probe (Chrono Boost)  
  36  3:16  Blink (Chrono Boost)  
  37  3:22  Probe (Chrono Boost)  
  37  3:24  Probe (Chrono Boost)  
  39  3:31  Gateway x2  
  39  3:32  Probe (Chrono Boost)  
  40  3:35  Probe (Chrono Boost)  
  41  3:43  Probe (Chrono Boost)  
  41  3:44  Robotics Facility  
  41  3:46  Probe (Chrono Boost)  
  43  3:49  Assimilator  
  43  4:00  Pylon  
  41  4:11  Probe  
  41  4:12  Probe  
  42  4:23  Probe x2  
  43  4:30  Nexus, Stalker x2  
  48  4:32  Observer  
  48  4:35  Probe  
  48  4:36  Probe  
  51  4:39  Stalker  
  53  4:45  Probe  
  53  4:50  Probe  
  55  4:52  Assimilator  
  55  4:55  Observer  
  55  4:57  Stalker  
  55  4:58  Stalker  
  55  4:59  Probe  
  60  5:03  Pylon  
  60  5:06  Probe (Chrono Boost)  
  62  5:17  Pylon  
  62  5:20  Warp Prism  
  62  5:21  Probe (Chrono Boost)  
  65  5:24  Stalker x2  
  65  5:26  Probe (Chrono Boost)  
  70  5:32  Resonating Glaives  
  70  5:36  Probe (Chrono Boost)  
  70  5:38  Pylon  
  70  5:39  Stalker  
  70  5:41  Probe (Chrono Boost)  
  74  5:46  Probe x2 (Chrono Boost)  
  76  5:52  Pylon  
  76  5:53  Probe (Chrono Boost)  
  76  5:56  Probe (Chrono Boost)  
  78  6:04  Probe (Chrono Boost)  
  78  6:10  Probe (Chrono Boost)  
  80  6:13  Probe (Chrono Boost)  
  80  6:15  Sentry x3, Probe (Chrono Boost)  
  80  6:16  Immortal (Chrono Boost)  
  92  6:30  Gateway  
  91  6:32  Gateway  
  91  6:34  Gateway  
  91  6:38  Probe  
  88  6:47  Adept x3, Probe  
  88  6:51  Immortal (Chrono Boost)  
  93  6:55  Probe  
  88  7:01  Pylon  
  88  7:02  Gateway, Pylon  
  88  7:05  Gateway  
  80  7:08  Gateway  
  80  7:10  Adept x3  
  77  7:26  Immortal (Chrono Boost)  
  81  7:30  Adept  
  81  7:31  Adept x5  
  93  7:38  Forge  
  93  7:50  Probe  
  94  7:52  Nexus  
  94  7:53  Templar Archives  
  94  7:55  Probe  
  95  8:00  Pylon  
  95  8:09  Probe  
  95  8:10  Probe  
  97  8:17  Adept x2  
  97  8:18  Adept  
  103  8:30  Pylon x2  
  103  8:33  Pylon  
  102  8:40  Adept  
  102  8:41  Adept x2  
Show
View Real Time Build Order
Export as new Build Order

Miszu Terran - Winner!

Build Orders: Reaper Expand, MMM Bio 

Get SALT Encoding   

  12  0:00  SCV  
  13  0:12  SCV  
  14  0:18  Supply Depot  
  14  0:24  SCV  
  15  0:39  SCV  
  15  0:40  Barracks  
  16  0:44  Refinery  
  16  0:52  SCV  
  17  1:04  SCV  
  18  1:16  SCV  
  19  1:27  Reaper  
  19  1:29  Orbital Command  
  20  1:42  Command Center  
  20  1:51  Supply Depot  
  20  1:56  SCV  
  20  1:59  Marine  
  22  2:04  Refinery  
  22  2:11  Factory  
  22  2:14  SCV  
  23  2:21  Barracks Reactor  
  23  2:27  SCV  
  24  2:39  SCV  
  24  2:41  Barracks  
  25  2:45  Barracks  
  25  2:51  SCV  
  28  3:07  Orbital Command  
  28  3:08  Hellion, Barracks Tech Lab  
  28  3:11  Hellion  
  30  3:14  SCV  
  31  3:26  Marine  
  32  3:27  Stimpack  
  32  3:29  SCV  
  33  3:41  Barracks Tech Lab  
  32  3:42  SCV x2  
  32  3:45  Factory Tech Lab  
  32  3:48  Marine  
  35  3:54  Marine x2, SCV x2  
  39  4:06  SCV  
  38  4:14  Marine  
  38  4:15  Marine x3  
  38  4:16  Siege Tank  
  38  4:17  SCV  
  44  4:18  Supply Depot  
  44  4:20  Starport  
  44  4:24  Engineering Bay, Refinery  
  44  4:26  SCV  
  44  4:29  SCV  
  46  4:40  Marine x4, SCV  
  46  4:41  SCV  
  52  4:52  SCV  
  53  4:53  SCV  
  53  4:55  Terran Infantry Weapons Level 1  
  53  4:57  Supply Depot  
  53  4:59  Starport Reactor  
  54  5:03  Supply Depot  
  54  5:18  Marine x2, SCV x2  
  54  5:19  Supply Depot, Marauder x2  
  62  5:24  Missile Turret  
  62  5:25  Siege Tank  
  65  5:30  SCV, Combat Shields  
  65  5:31  SCV, Concussive Shells  
  67  5:36  Marine x2  
  67  5:38  Supply Depot  
  67  5:42  Supply Depot, Medivac x2  
  71  5:43  SCV  
  71  5:45  SCV  
  71  5:46  Marine  
  78  5:50  Marauder  
  78  6:00  SCV  
  78  6:05  Factory Reactor  
  77  6:13  Marine  
  77  6:14  Marine, Marauder x2  
  77  6:15  Medivac x2  
  84  6:31  Marine  
  84  6:32  Marine  
  86  6:33  Command Center  
  86  6:35  Marauder x2  
  86  6:36  Barracks  
  86  6:37  Barracks  
  85  6:49  Marine x2  
  83  6:56  Marauder  
  83  6:57  Marauder  
  82  7:01  Widow Mine  
  82  7:02  Widow Mine  
  82  7:06  Liberator  
  82  7:07  Marine x2  
  88  7:17  Marine  
  88  7:18  Marauder  
  94  7:32  Supply Depot  
  94  7:33  Marine x2, SCV x2  
  94  7:36  Barracks Tech Lab, Marauder  
  100  7:37  Widow Mine  
  102  7:44  Widow Mine  
  102  7:45  Marauder  
  102  7:49  Barracks Reactor  
  102  7:50  Marine  
  107  7:51  Orbital Command  
  107  8:01  Marine, Marauder  
  107  8:05  SCV x2  
  113  8:06  Widow Mine  
  113  8:11  Supply Depot  
  114  8:14  Supply Depot  
  114  8:17  SCV  
  114  8:18  SCV x2  
  117  8:21  Marauder  
  117  8:24  Marine, Marauder  
  122  8:28  Marauder  
Tags
 
Add a new tag
Caveats
  • Supply blocks, unpowered buildings, or Contaminate may cause inaccurate times.
  • Supply counts are checked every 10 seconds.